 Dungeon Crawl Stone Soup version 0.28.0 (webtiles) character file.

Game seed: 17610889753990481929

704 mortz the Conjurer (level 7, 0/46 HPs)
             Began as a Human Conjurer on Feb 17, 2022.
             Slain by a scorpion (5 damage)
             ... on level 4 of the Dungeon.
             The game lasted 00:44:14 (5822 turns).

mortz the Conjurer (Human Conjurer)                 Turns: 5822, Time: 00:44:14

Health: 0/46       AC:  5    Str:  7    XL:     7   Next: 99%
Magic:  8/14       EV: 11    Int: 21    God:
Gold:   28         SH:  0    Dex: 11    Spells: 2/16 levels left

rFire   . . .      SeeInvis .   a - +2 mace (vorpal)
rCold   . . .      Faith    .   (no shield)
rNeg    . . .      Spirit   .   t - +0 leather armour
rPois   .          Reflect  .   (no helmet)
rElec   .          Harm     .   (no cloak)
rCorr   .          Rampage  .   g - +0 pair of gloves
Will    .....                   s - +0 pair of boots
Stlth   ++........              (no amulet)
HPRegen 0.15/turn               o - ring of wizardry
MPRegen 0.14/turn               (no ring)

@: no status effects
A: no striking features
a: no special abilities


You were on level 4 of the Dungeon.
You visited 1 branch of the dungeon, and saw 5 of its levels.

You collected 179 gold pieces.
You spent 151 gold pieces at shops.

Inventory:

Hand Weapons
 a - a +2 vorpal mace (weapon)
 f - a +0 dagger of venom
 l - a +1 dagger of venom
 n - a +0 spear
 w - a +0 long sword
Missiles
 h - 3 boomerangs of dispersal
Armour
 g - a +0 pair of gloves (worn)
 s - a +0 pair of boots (worn)
 t - a +0 leather armour (worn)
Magical Staves
 y - a staff of death
 E - a staff of air
Jewellery
 o - a ring of wizardry (left hand)
Wands
 r - a wand of polymorph (6)
Scrolls
 b - a scroll of fog {unknown}
 e - a scroll of blinking {unknown}
 i - a scroll of identify {unknown}
 j - a scroll of teleportation {unknown}
 u - 3 scrolls of holy word {unknown}
 x - a scroll of magic mapping {unknown}
 A - a scroll of immolation {unknown}
 B - a scroll of brand weapon {unknown}
 D - a scroll of torment {unknown}
Potions
 c - 2 potions of cancellation {unknown}
 d - 2 potions of ambrosia {unknown}
 k - 2 potions of attraction {unknown}
 m - a potion of curing
 p - a potion of brilliance {unknown}
 q - 2 potions of mutation {unknown}
 v - a potion of resistance {unknown}
 C - a potion of magic {unknown}


   Skills:
 + Level 0.1 Fighting
 - Level 1.9 Short Blades
 * Level 1.4 Maces & Flails
 + Level 0.7 Armour
 + Level 2.1 Dodging
 + Level 3.3 Stealth
 + Level 5.1 Spellcasting
 + Level 6.1 Conjurations


You had 2 spell levels left.
You knew the following spells:

 Your Spells              Type           Power      Damage    Failure   Level
a - Magic Dart            Conj           100%       1d8       1%          1
b - Searing Ray           Conj           62%        2d6       1%          2
c - Dazzling Flash        Conj/Hex       36%        N/A       5%          3
d - Fulminant Prism       Conj/Hex       9%         3d7       17%         4
e - Gell's Gravitas       Tloc           5%         N/A       19%         3
f - Apportation           Tloc           10%        N/A       6%          1

Your spell library contained the following spells:

 Spells                   Type           Power      Damage    Failure   Level
 Iskenderun's Mystic Bla  Conj/Tloc      18%        2d6       17%         4
 Lesser Beckoning         Tloc           5%         N/A       19%         3
 Teleport Other           Tloc           5%         N/A       19%         3
 Alistair's Intoxication  Tmut/Pois      3%         N/A       83%         5


Dungeon Overview and Level Annotations

Branches:
Dungeon (5/15)
 Temple: D:4-7

Altars:
Dithmenos

Shops:
D:2 [   D:4 ([:[!   D:5 ?

Annotations:
D:3 2 transporters, horus123's ghost, weakling BaGl
D:4 Pikel


Message History

Pikel burns you.
The searing ray hits Pikel!
Pikel is moderately wounded.
Pikel hits you with a +2 whip of flaming!
Pikel burns you.
The searing ray hits Pikel!
Pikel is severely wounded.
Pikel closely misses you.
A lemure comes into view.
The searing ray hits Pikel.
Pikel is severely wounded.
You finish channelling your searing ray.
The lemure shouts!
Pikel hits you with a +2 whip of flaming.
Pikel burns you.
* * * LOW HITPOINT WARNING * * *
An ogre comes into view. It is wielding a +0 giant club.
The scorpion stings you but does no damage.
Pikel hits you with a +2 whip of flaming!
* * * LOW HITPOINT WARNING * * *
Pikel burns you.
* * * LOW HITPOINT WARNING * * *
You climb upwards.
There is a stone staircase leading down here.
You feel better. The scorpion barely misses you.
Pikel hits you with a +2 whip of flaming!
* * * LOW HITPOINT WARNING * * *
Pikel burns you.
* * * LOW HITPOINT WARNING * * *
Okay, then.
Casting: Searing Ray (safe; 1% risk of failure)
Confirm with . or Enter, or press ? or * to list all spells.
Aiming: Searing Ray (safe; 1% risk of failure)
Press: ? - help, Shift-Dir - straight line, f - Pikel
Aim: Pikel, wielding a +2 whip of flaming and wearing a +0 robe (severely wounded, 74% to hit)
The searing ray hits Pikel!
Pikel is almost dead. (Press . to maintain the ray.)
The scorpion stings you.
You die...

#..##....##.#.#....####..
#.(#......#..........##..
#..#..##..#.......#..#...
##....##.....##...##..#...
#..####....#..#.####....##
#.## ##.......#.####....##
#.# #.#######...#.#...###
#.# ##.#.s...#.........##.
#.###..#.@.∩.#............
#.##...#K....#.........#..
#.#....#######......<..###
#.#.......................
#.##.....####..........#..
#.#....### #.....#....##..
#.##..## #...#..........
#.###.#######........##...
#.##..........##..........


You could see Pikel and a scorpion.

Vanquished Creatures
  Grinder (D:3)
  A black bear (D:5)
  3 lemures (D:4)
  A water moccasin zombie (D:5)
  2 water moccasin skeletons
  A howler monkey (D:4)
  A bullfrog skeleton (D:4)
  An iguana (D:5)
  Jessica (D:3)
  5 adders
  An ufetubus (D:4)
  2 worms
  3 dart slugs
  An orc (D:3)
  4 endoplasms
  3 giant cockroaches
  8 goblins
  13 hobgoblins
  2 jackals (D:2)
  7 quokkas
  7 ball pythons
  3 bats
  5 frilled lizards
  5 kobolds
  10 rats
91 creatures vanquished.

Vanquished Creatures (others)
  6 plants (D:3)
6 creatures vanquished.

Grand Total: 97 creatures vanquished

Notes
Turn   | Place    | Note
-------+----------+-------------------------------------------
     0 | D:1      | mortz the Human Conjurer began the quest for the Orb.
     0 | D:1      | Reached XP level 1. HP: 13/13 MP: 3/3
   224 | D:1      | Reached XP level 2. HP: 19/19 MP: 0/5
   296 | D:1      | Found a faded altar of an unknown god.
   656 | D:1      | Learned a level 2 spell: Searing Ray
  1035 | D:2      | Found a shadowy altar of Dithmenos.
  1038 | D:2      | Reached XP level 3. HP: 24/24 MP: 3/6
  1545 | D:2      | Reached XP level 4. HP: 30/30 MP: 4/7
  1619 | D:2      | Found Leargh's Antique Armour Emporium.
  1678 | D:2      | Reached skill level 5 in Conjurations
  2532 | D:3      | Reached XP level 5. HP: 35/35 MP: 4/9
  2633 | D:3      | Identified the +1 spear of Zeefer {venom, *Corrode rPois
                  | Str+9 Int+4}
  2640 | D:3      | Found a transporter.
  2953 | D:3      | Noticed Grinder
  3034 | D:3      | Paralysed by Grinder for 4 turns
  3255 | D:3      | Killed Grinder
  3256 | D:3      | Reached skill level 1 in Short Blades
  3256 | D:3      | Reached XP level 6. HP: 41/41 MP: 1/12
  3430 | D:3      | Learned a level 3 spell: Dazzling Flash
  3435 | D:3      | Learned a level 4 spell: Fulminant Prism
  3562 | D:3      | Noticed Jessica
  3564 | D:3      | Killed Jessica
  3693 | D:3      | Found a transporter.
  3719 | D:3      | Noticed horus123's ghost (weakling BaGl)
  3791 | D:3      | vault
  3904 | D:4      | Learned a level 3 spell: Gell's Gravitas
  3932 | D:4      | Found Araommul's Antique Weapon Emporium.
  3944 | D:4      | Found Nikhlelept's Armour Boutique.
  3953 | D:4      | Reached XP level 7. HP: 46/46 MP: 6/13
  4075 | D:4      | Bought a +0 pair of boots for 63 gold pieces
  4075 | D:4      | Bought a +0 leather armour for 28 gold pieces
  4437 | D:4      | Found Raewkeki's Antique Armour Shop.
  4440 | D:4      | Found Woqaly's Book Boutique.
  4803 | D:4      | Found Zokkemog's Distillery.
  4806 | D:4      | Bought a potion of heal wounds for 60 gold pieces
  4879 | D:5      | Entered Level 5 of the Dungeon
  4986 | D:5      | Learned a level 1 spell: Apportation
  5041 | D:5      | Reached skill level 1 in Maces & Flails
  5041 | D:5      | Reached skill level 5 in Spellcasting
  5041 | D:5      | Reached skill level 6 in Conjurations
  5375 | D:5      | Found Gaghynt's Magic Scroll Boutique.
  5409 | D:5      | Noticed Pikel
  5819 | D:5      | HP: 2/46 [Pikel (2)]
  5822 | D:4      | Slain by a scorpion

Illustrated notes

##.≈≈##.###g###.##≈≈..#
#.≈≈#...........#≈≈..#
#.≈≈###.##'##.###≈≈..#
#.≈≈..#.# .#.#..≈≈..#
#.≈≈.##.# #.##.≈≈..#
#.≈≈.#©.# #..#.≈≈..#
#.≈≈.##g# #.##.≈≈†.#
#.≈≈..#.#...#.#......#
##.≈≈.©#g'.©.'.#@.....#
...≈≈..#.#8⌠8#.#......#
##.≈≈.##.# #.##.≈≈..#
#.≈≈.#W.# ..#.≈≈..#
#.≈≈.##.# .##.≈≈..#
##.≈≈..#.# .#.#..≈≈..#
...≈≈###.##g##.###≈≈..#
#..≈≈#gg.........#≈≈..#
#..≈≈##.###g###.##≈≈..#


Turn 3791 on D:3: vault

Levels and vault maps discovered:
D:1:      matt_arrival_spirals, layout_basic,
          hellmonk_ecumenical_altar_slurped_away
D:2:      minmay_chambers_of_twos, layout_loops_ring, serial_shops,
          nicolae_lakefront_shop, basic_altar, minmay_hexomino_p4
D:3:      layout_basic, gammafunk_ghost_gnarly_gnolls, supply_closet_lemuel,
          uniq_jessica, uniq_grinder
D:4:      layout_cave_pools, portal_sewer_entry_b, serial_shops,
          nicolae_take_the_stairs, nicolae_shop_advertising_works
          [nicolae_subvault_shop_adworks], shop, shop, kennysheep_mini_moat,
          serial_park, serial_park_square2, minmay_misc_feat_x,
          minmay_curled_crystal, lemuel_flame_loot_1
D:5:      layout_loops_ring, serial_shops, nicolae_inconvenience_store,
          uniq_pikel

Skill      XL: |  1  2  3  4  5  6  7 |
---------------+----------------------+-----
Conjurations   | 5 6 |  6.1
Spellcasting   | 3 4 5 |  5.1
Short Blades   | 1 |  1.9
Stealth        | 3 |  3.3
Maces & Flails | 1 |  1.4
Fighting       | |  0.1
Armour         | |  0.7
Dodging        | |  2.1

Action                   |  1- 3 |  4- 6 |  7- 9 || total
-------------------------+-------+-------+-------++-------
Melee: Mace              |       |       |     8 ||     8
       Dagger            |       |       |     4 ||     4
 Cast: Magic Dart        |    65 |    74 |    35 ||   174
       Searing Ray       |     1 |    10 |    17 ||    28
  Use: Potion            |       |       |     2 ||     2
Armor: Robe              |     1 |     2 |     1 ||     4
       Leather armour    |       |       |     7 ||     7
Dodge: Dodged            |     2 |     7 |    38 ||    47
